 Dungeon Sprint DCSS version 0.28-a0-697-g47f3eba078 (webtiles) character file.

Game seed: 12195849775871850943

212 tatocazan the Skirmisher (level 5, 0/47 HPs)
             Began as a Demonspawn Fighter on Oct 23, 2021.
             Incinerated by a deep elf pyromancer (1 damage)
             ... with a sticky flame
             ... in the Dungeon (Sprint III: "The Ten Rune Challenge").
             The game lasted 00:02:30 (1075 turns).

tatocazan the Skirmisher (Demonspawn Fighter)       Turns: 1075, Time: 00:02:30

Health: 0/47       AC:  9    Str: 18    XL:     5   Next: 58%
Magic:  5/5        EV:  9    Int:  7    God:
Gold:   24         SH:  5    Dex: 12    Spells: 4/4 levels left

rFire   . . .      SeeInvis .   a - +0 war axe
rCold   . . .      Faith    .   c - +0 buckler
rNeg    . . .      Spirit   .   b - +0 scale mail
rPois   .          Reflect  .   (helmet restricted)
rElec   .          Harm     .   (no cloak)
rCorr   .          Rampage  .   (no gloves)
Will    .....      NoTele   +   (no boots)
Stlth   ..........              (no amulet)
HPRegen 0.15/turn               (no ring)
MPRegen 0.09/turn               (no ring)

@: on fire, glowing
A: horns 2, foul stench 1, demonic touch 1, iridescent scales 1, dopey 1,
passive freeze
a: no special abilities


You were in the Dungeon.
You visited 1 branch You collected 24 gold pieces.

Inventory:

Hand Weapons
 a - a +0 war axe (weapon)
Armour
 b - a +0 scale mail (worn)
 c - a +0 buckler (worn)
Wands
 k - a wand of polymorph (10)
Scrolls
 j - a scroll of blinking
Potions
 d - a potion of might
 e - 2 potions of mutation
 g - a potion of haste
 h - 2 potions of magic
 m - a potion of flight {unknown}
 p - 2 potions of attraction {unknown}


   Skills:
 + Level 6.5 Fighting
 + Level 5.5 Axes
 + Level 5.9 Armour
 + Level 5.9 Shields


You had 4 spell levels left.
You didn't know any spells.
Your spell library contained the following spells:

 Spells                   Type           Power      Damage    Failure   Level
 Slow                     Hex            0%         N/A       90%         2
 Confusing Touch          Hex            0%         N/A       99%         3
 Cause Fear               Hex            0%         N/A       100%        4
 Yara's Violent Unravell  Hex/Tmut       0%         3d3       100%        5
 Dragon Form              Tmut           0%         N/A       100%        7
 Dragon's Call            Summ           0%         N/A       100%        9


Dungeon Overview and Level Annotations

Branches:
Dungeon (1/1)

Altars:
Elyvilon
Kikubaaqudgha
Sif Muna
Vehumet
Zin
The Shining One


Innate Abilities, Weirdness & Mutations

You have a pair of horns on your head.
You may rarely emit foul miasma when damaged in melee.
Your touch may inflict minor irresistible damage on your foes.
You are partially covered in iridescent scales. (AC +2)
You are dopey. (Int -2)
A frigid envelope surrounds you and freezes all who hurt you.


Message History

You are covered in liquid flames!
The deep elf pyromancer hits you with a +1 long sword of holy wrath.
You convulse.
You take 5 damage, and have 35/47 hp.
You hit the deep elf pyromancer but do no damage.
The deep elf pyromancer is moderately wounded.
You are covered in liquid flames!
You block the deep elf pyromancer's attack.
You take 3 damage, and have 32/47 hp.
You closely miss the deep elf pyromancer.
The deep elf pyromancer is moderately wounded.
The deep elf pyromancer hits you with a +1 long sword of holy wrath.
You convulse.
The deep elf pyromancer is very cold.
The deep elf pyromancer is moderately wounded.
You take 9 damage, and have 23/47 hp.
You hit the deep elf pyromancer.
The deep elf pyromancer is moderately wounded.
The deep elf pyromancer points at you and mumbles some strange words.
The sticky flame hits you.
You are covered in liquid flames!
The deep elf pyromancer hits you with a +1 long sword of holy wrath.
You convulse.
The deep elf pyromancer is very cold.
The deep elf pyromancer is moderately wounded.
You take 7 damage, and have 16/47 hp.
You slash the deep elf pyromancer!
The deep elf pyromancer is heavily wounded.
You are covered in liquid flames!
* * * LOW HITPOINT WARNING * * *
The deep elf pyromancer hits you with a +1 long sword of holy wrath.
* * * LOW HITPOINT WARNING * * *
You convulse.
* * * LOW HITPOINT WARNING * * *
The deep elf pyromancer is very cold.
The deep elf pyromancer is severely wounded.
You take 15 damage, and have 1/47 hp.
MASSIVE DAMAGE!!
Okay, then.
You closely miss the deep elf pyromancer.
The deep elf pyromancer is severely wounded.
You are covered in liquid flames!
You die...

▓▓▓▓▓▓▓ ▓▓▓ *** ..'...♣♣
♣.#####******* ***,* ..#....♣
♣♣.#___#___*__****,*,, ###....♣♣♣
♣..#e@.#__,*,_*,,,,,,,
..#....≈.♣♣♣..###'#+###+**,,,,,,,
..#...≈≈.♣.♣..#..........*,,,,,,,
.[#..≈≈≈≈.♣.♣.'.⌠........*,*∩*,,,
#'#.†≈≈≈≈≈≈.♣.#...######+*,******
)†#.≈≈≈≈≈≈....#.⌠.#__*,,,*+******
..#.≈≈≈≈≈.....#...#__*,,,*,,,,*,*
..#.≈≈≈.......#)###__*,,,**,*,,*,
###...........#)..#__*,,,+**,*,*,


You could see a deep elf pyromancer.

Vanquished Creatures
  A scorpion (D)
  A water elemental (D)
  Jessica (D)
  A wizard (D)
  A human (D)
  A kobold demonologist (D)
  An endoplasm (D)
  2 rats (D)
9 creatures vanquished.

Notes
Turn   | Place    | Note
-------+----------+-------------------------------------------
     0 | D        | tatocazan the Demonspawn Fighter began the quest for the
                  | Orb.
     0 | D        | Reached XP level 1. HP: 18/18 MP: 1/1
   150 | D        | Noticed Jessica
   153 | D        | Killed Jessica
   154 | D        | Reached skill level 4 in Fighting
   154 | D        | Gained mutation: You may rarely emit foul miasma when
                  | damaged in melee. [demonic ancestry]
   154 | D        | Reached XP level 2. HP: 25/25 MP: 2/2
   155 | D        | Discovered your monstrous ancestry.
   155 | D        | Gained mutation: Your touch may inflict minor irresistible
                  | damage on your foes. [demonic ancestry]
   155 | D        | Reached XP level 3. HP: 30/30 MP: 3/3
   287 | D        | Noticed a scorpion
   303 | D        | Killed a scorpion
   304 | D        | Reached skill level 5 in Fighting
   304 | D        | Gained mutation: You have a pair of small horns on your
                  | head. [demonic ancestry]
   304 | D        | Reached XP level 4. HP: 31/39 MP: 4/4
   737 | D        | Gained mutation: You are dopey. (Int -2) [potion of
                  | mutation]
   737 | D        | Gained mutation: You are partially covered in iridescent
                  | scales. (AC +2) [potion of mutation]
   737 | D        | Gained mutation: A frigid envelope surrounds you and
                  | freezes all who hurt you. [potion of mutation]
   781 | D        | Noticed a water elemental
   784 | D        | Killed a water elemental
   785 | D        | Reached skill level 6 in Fighting
   785 | D        | Reached skill level 5 in Axes
   785 | D        | Reached skill level 5 in Armour
   785 | D        | Reached skill level 5 in Shields
   785 | D        | Gained mutation: You have a pair of horns on your head.
                  | [demonic ancestry]
   785 | D        | Reached XP level 5. HP: 44/46 MP: 5/5
   788 | D        | Found a radiant altar of Vehumet.
   788 | D        | Found a shimmering blue altar of Sif Muna.
   788 | D        | Found an ancient bone altar of Kikubaaqudgha.
  1068 | D        | Noticed a deep elf pyromancer
  1074 | D        | HP: 1/47 [deep elf pyromancer (6)]
  1075 | D        | Incinerated by a deep elf pyromancer

Illustrated notes

Levels and vault maps discovered:
D:        dungeon_sprint_mu [sprint_mu_entry_forest, sprint_mu_temple_rooms,
          sprint_mu_d1_spiders, sprint_mu_d2_genie, sprint_mu_d3_branching,
          sprint_mu_orc_legion, sprint_mu_elf_gauntlet, sprint_mu_hive_nellie,
          sprint_mu_lair_fedhas, sprint_mu_vaults_butterflies,
          sprint_mu_slime_circle, sprint_mu_shoals_kraken,
          sprint_mu_snake_twists, sprint_mu_blade_basic, sprint_mu_crypt_lich,
          sprint_mu_tomb_spiral, sprint_mu_vestibule_basic,
          sprint_mu_gehenna_hellfire, sprint_mu_dis_giant,
          sprint_mu_tartarus_statrot, sprint_mu_cocytus_islands, sprint_mu_zot1]

Skill      XL: |  1  2  3  4 |
---------------+-------------+-----
Axes           | 3 4 5 |  5.5
Fighting       | 4 5 6 |  6.5
Armour         | 3 4 5 |  5.9
Shields        | 3 4 5 |  5.9

Action                   |  1- 3 |  4- 6 || total
-------------------------+-------+-------++-------
Melee: War axe           |    20 |    19 ||    39
       Headbutt          |       |     3 ||     3
  Use: Potion            |     2 |     3 ||     5
       Scroll            |       |     4 ||     4
Armor: Skin              |     3 |       ||     3
       Scale mail        |     5 |     4 ||     9
Dodge: Dodged            |     8 |     5 ||    13
Block: Buckler           |     7 |     5 ||    12

Table legend: (Time is in decaauts)
 A = Elapsed time spent in this place.
 B = Non-inter-level travel time spent in this place.
 C = Inter-level travel time spent in this place.
 D = Time resting spent in this place.
 E = Time spent auto-exploring this place.
 F = Levels seen in this place.
 G = Mean time per level.
                   A        B        C        D        E       F      G
               +--------+--------+--------+--------+--------+-----+--------+
         Total |   1099 |   1099 |      0 |    926 |      0 |   1 | 1099.0 |
       Dungeon |   1099 |   1099 |      0 |    926 |      0 |   1 | 1099.0 |
               +--------+--------+--------+--------+--------+-----+--------+

Top non-repeatable levels by time:
       D: 1099 daAuts
